 Dungeon Crawl Stone Soup version 0.13-a0-2484-gc765b08 (webtiles) character file.

301 Rycklaryybbe the Poker (level 4, 0/34 HPs)
             Began as a Demonspawn Death Knight on July 20, 2013.
             Was an Initiate of Makhleb.
             Slain by Sigmund
             ... wielding a +0,+0 scythe
              (3 damage)
             ... on Level 3 of the Dungeon.
             The game lasted 00:09:01 (2491 turns).

Rycklaryybbe the Poker (Demonspawn Death Knight)    Turns: 2491, Time: 00:09:01

HP   0/34        AC  3     Str 13      XL: 4   Next: 94%
MP   0/7         EV  9     Int 13      God: Makhleb [......]
Gold 168         SH  7     Dex 13      Spells:  0 memorised,  3 levels left

Res.Fire  : . . .   See Invis. : .   a - +1 spear {=f}
Res.Cold  : . . .   Warding    : .   b - +0 leather armour
Life Prot.: . . .   Conserve   : .   d - +0 buckler
Res.Poison: .       Res.Corr.  : .   (helmet restricted)
Res.Elec. : .       Clarity    : .   (no cloak)
Sust.Abil.: . .     Spirit.Shd : +   (no gloves)
Res.Mut.  : .       Stasis     : .   (no boots)
Res.Rott. : .       Flight     : .   (no amulet)
Saprovore : . . .                    (no ring)
                                     (no ring)

@: slightly resistant to hostile enchantments, very unstealthy
A: horns 1, magic shield
a: Renounce Religion


You were on level 3 of the Dungeon.
You worshipped Makhleb.
Makhleb was noncommittal.
You were very hungry.

You visited 1 branch of the dungeon, and saw 3 of its levels.

You collected 148 gold pieces.

Inventory:

Hand weapons
 a - a +1,+1 spear (weapon) {=f}
 o - a +0,+0 club
Missiles
 n - a dart (quivered)
 u - a throwing net [frayed]
Armour
 b - a +0 leather armour (worn)
 d - a +0 buckler (worn)
Magical devices
 m - a wand of digging (11) {unknown}
Comestibles
 c - a bread ration
 l - 2 meat rations
 q - 2 rotting chunks of hobgoblin flesh
Scrolls
 f - 4 scrolls of remove curse {unknown}
 h - 3 scrolls of teleportation {unknown}
 j - a scroll of recharging {unknown}
 p - a scroll of enchant weapon I {unknown}
 t - a scroll of curse jewellery {unknown}
 v - a scroll of blinking {unknown}
 x - a scroll of identify {unknown}
Jewellery
 w - an uncursed ring of see invisible {unknown}
Potions
 e - 2 potions of flight {unknown}
 g - 2 potions of curing {unknown}
 i - a potion of heal wounds
 k - 2 potions of brilliance {unknown}
 r - a potion of restore abilities {unknown}
 s - a potion of confusion {unknown}


   Skills:
 - Level 2.0 Fighting
 + Level 4.7 Polearms
 - Level 0.8 Armour
 - Level 0.8 Dodging
   Level 3.6 Invocations


You had 3 spell levels left.
You didn't know any spells.

Dungeon Overview and Level Annotations

Branches:
Dungeon (3/27)

Altars:
Cheibriados
Fedhas
Makhleb
Zin

Annotations
D:3 Sigmund


Innate Abilities, Weirdness & Mutations

You have a pair of small horns on your head.
When hurt, damage is shared between your health and your magic reserves.


Message History

Found a burning altar of Makhleb.
There is a burning altar of Makhleb, spattered with blood here.
You kneel at the altar of Makhleb.
You have lost your religion!
Yredelemnul does not appreciate desertion!
Makhleb welcomes you!
You start resting.
It hits you.
You start resting.
It hits you.
You start resting.
It hits you!
* * * LOW HITPOINT WARNING * * *
You hear some strange, mumbled words.
The puff of flame hits you!
* * * LOW HITPOINT WARNING * * *
Unknown command.
Unknown command.
Unknown command.
You start resting.
It hits you.
You die...

###### ####....# #.......#
#.###...# #.##....##
############.##@._..############
.........?....###∩###...........
...........{...#######....<...#
......?...>.....#####.........#
..........[...................#
.............................###
................................
................................
#########..###########..#######


There were no monsters in sight!

Vanquished Creatures
  A hound (D:3)
  2 gnolls
  2 adders (D:2)
  A giant mite (D:2)
  A worm (D:2)
  A giant gecko (D:2)
  An ooze (D:1)
  4 giant cockroaches
  6 goblins
  9 hobgoblins
  2 ball pythons (D:2)
  6 bats
  A giant newt (D:2)
  7 kobolds
  4 rats
48 creatures vanquished.

Vanquished Creatures (collateral kills)
  An adder (D:2)
1 creature vanquished.

Vanquished Creatures (others)
  A ball python zombie (D:2)
  A giant cockroach zombie (D:1)
  A giant mite zombie (D:2)
  A goblin skeleton (D:2)
  A kobold zombie (D:2)
5 creatures vanquished.

Grand Total: 54 creatures vanquished

Notes
Turn   | Place    | Note
--------------------------------------------------------------
     0 | D:1      | Rycklaryybbe, the Demonspawn Death Knight, began the quest for the Orb.
     0 | D:1      | Reached XP level 1. HP: 16/16 MP: 2/2
   212 | D:1      | Gained mutation: When hurt, damage is shared between your health and your magic reserves. [demonic ancestry]
   212 | D:1      | Reached XP level 2. HP: 17/22 MP: 0/4
   996 | D:1      | Reached XP level 3. HP: 11/27 MP: 5/5
  1253 | D:2      | Found a blossoming altar of Fedhas.
  1253 | D:2      | Found a snail-covered altar of Cheibriados.
  1253 | D:2      | Found a glowing silver altar of Zin.
  1683 | D:2      | Acquired Yredelemnul's second power
  1683 | D:2      | Gained mutation: You have a pair of small horns on your head. [demonic ancestry]
  1683 | D:2      | Reached XP level 4. HP: 34/34 MP: 7/7
  1696 | D:2      | Reached skill level 4 in Polearms
  2446 | D:3      | Noticed Sigmund
  2477 | D:3      | Found a burning altar of Makhleb.
  2481 | D:3      | Fell from the grace of Yredelemnul
  2481 | D:3      | Became a worshipper of Makhleb the Destroyer
  2491 | D:3      | Slain by Sigmund

Action                   |  1- 3 |  4- 6 || total
-------------------------+-------+-------++-------
Melee: Spear             |   157 |    57 ||   214
Throw: Dart              |     2 |       ||     2
       Club              |     1 |       ||     1
       Javelin           |     5 |     4 ||     9
Invok: Animate Remains   |     5 |     1 ||     6
       Injury Mirror     |       |     1 ||     1
  Use: Potion            |       |     1 ||     1
